 Dungeon Crawl Stone Soup version 0.23.2 (webtiles) character file.

Game seed: 3507846106900200907

92 Sandy the Cutter (level 4, -15/35 HPs)
             Began as a Human Fighter on Apr 8, 2019.
             Was an Initiate of Okawaru.
             Engulfed by a cloud of flame (16 damage)
             ... on level 3 of the Dungeon.
             The game lasted 00:07:12 (1715 turns).

Sandy the Cutter (Human Fighter)                    Turns: 1715, Time: 00:07:13

Health: -15/35     AC:  6    Str: 16    XL:     4   Next: 90%
Magic:  0/4        EV:  9    Int:  9    God:    Okawaru [......]
Gold:   135        SH:  0    Dex: 13    Spells: 3/3 levels left

rFire    . . .     SeeInvis .   t - +2 dagger (venom)
rCold    . . .     Gourm    .   (no shield)
rNeg     . . .     Faith    .   b - +0 scale mail
rPois    .         Spirit   +   (no helmet)
rElec    .         Reflect  .   (no cloak)
rCorr    .         Harm     .   (no gloves)
MR       .....                  (no boots)
Stlth    ..........             p - amulet of guardian spirit
HPRegen  0.11/turn              (no ring)
MPRegen  0.09/turn              (no ring)

@: no status effects
A: no striking features
a: Renounce Religion


You were on level 3 of the Dungeon.
You worshipped Okawaru.
Okawaru was noncommittal.
You were not hungry.

You visited 1 branch of the dungeon, and saw 4 of its levels.

You collected 135 gold pieces.

Inventory:

Hand Weapons
 a - a +0 rapier
 j - a cursed -1 long sword
 t - a +2 dagger of venom (weapon)
Missiles
 l - 97 stones (quivered)
Armour
 b - a +0 scale mail (worn)
 c - a +0 shield
Jewellery
 p - an amulet of guardian spirit (around neck)
Scrolls
 i - a scroll of random uselessness {unknown}
 k - a scroll of immolation
 n - a scroll of fog {unknown}
 o - 3 scrolls of identify
 q - 2 scrolls of amnesia
 r - a scroll of noise {unknown}
Potions
 d - 3 potions of might
 e - 2 potions of resistance {unknown}
 g - a potion of magic {unknown}
 h - 3 potions of curing {unknown}
 m - 2 potions of degeneration {unknown}
Comestibles
 f - 5 rations
 s - a chunk of flesh


   Skills:
 - Level 3.0 Fighting
 + Level 4.7 Short Blades
 - Level 3.0 Armour
 - Level 3.0 Shields


You had 3 spell levels left.
You didn't know any spells.
Your spell library contained the following spells:

 Spells                   Type           Power        Failure   Level  Hunger
 Confusing Touch          Hex            #.....       82%         1    ##.....
 Confuse                  Hex            #.......     99%         3    ####...
 Gell's Gravitas          Tloc           #.........   99%         3    ####...
 Petrify                  Tmut/Erth      #.......     100%        4    #####..
 Metabolic Englaciation   Hex/Ice        #.........   100%        5    ######.
 Yara's Violent Unravell  Hex/Tmut       #.........   100%        5    ######.


Dungeon Overview and Level Annotations

Branches:
Dungeon (4/15)
 Temple: D:4-7

Altars:
Cheibriados
Elyvilon
Fedhas
Makhleb
Okawaru
Ru
Uskayaw
Xom


Message History

Found a rapier.
There is a stone staircase leading up here.
You climb upwards.
There is a stone staircase leading down here.
q - 2 scrolls of amnesia (gained 1)
n - a scroll labeled ULIUWIRUGU You now have 135 gold pieces (gained 5).
Found seven items.
Unknown command.
Really walk into a travel-excluded area?
A rat comes into view.
Found a scale mail, a falchion and 22 gold pieces.
Really walk into that cloud of flame?
You are engulfed in blazing flames.
Really walk into that cloud of flame?
You are engulfed in blazing flames.
Ouch! That really hurt!
* * * LOW HITPOINT WARNING * * *
You are engulfed in blazing flames.
You die...

# # #☼§○# # #########
#§§§#
###.......#####...#####.
...........§°○.[)$.○§°..
###........§§○.(??.§§○ #
#..........☼.(.).§
###.......## #r.?#
..........# #§@§#
###.......# #○§§#
###.......# #§☼○#
..........#####...#####
###....................
#....................
#......[.............
#.................... #
#....................


You could see a rat.

Vanquished Creatures
  A hound (D:2)
  An adder (D:3)
  2 worms (D:2)
  3 dart slugs
  A ball python (D:1)
  2 giant cockroaches
  7 goblins
  7 hobgoblins
  3 kobolds
  3 quokkas (D:2)
  5 bats
  2 frilled lizards (D:3)
  4 rats
41 creatures vanquished.

Vanquished Creatures (others)
  A rat (D:3)
1 creature vanquished.

Grand Total: 42 creatures vanquished

Notes
Turn   | Place    | Note
-------+----------+-------------------------------------------
     0 | D:1      | Sandy the Human Fighter began the quest for the Orb.
     0 | D:1      | Reached XP level 1. HP: 18/18 MP: 1/1
    85 | D:1      | Reached XP level 2. HP: 24/24 MP: 2/2
   180 | D:2      | Reached skill level 3 in Short Blades
   194 | D:2      | Reached XP level 3. HP: 14/29 MP: 3/3
   400 | D:2      | Found a snail-covered altar of Cheibriados.
   401 | D:2      | Found a white marble altar of Elyvilon.
   401 | D:2      | Found a burning altar of Makhleb.
   403 | D:2      | Found an iron altar of Okawaru.
   403 | D:2      | Found a shimmering altar of Xom.
   405 | D:2      | Found a blossoming altar of Fedhas.
   405 | D:2      | Found a hide-covered altar of Uskayaw.
   406 | D:2      | Found a sacrificial altar of Ru.
   408 | D:2      | Reached skill level 4 in Short Blades
   408 | D:2      | Reached XP level 4. HP: 35/35 MP: 4/4
   416 | D:2      | Became a worshipper of Warmaster Okawaru
   461 | D:2      | Found an iron altar of Okawaru.
  1714 | D:3      | HP: 1/35 [something (19)]
  1715 | D:3      | Engulfed by a cloud of flame

Skill      XL: |  1  2  3 |
---------------+----------+-----
Short Blades   | 3 4 |  4.7
Fighting       | |  3.0
Armour         | |  3.0
Shields        | |  3.0

Action                   |  1- 3 |  4- 6 || total
-------------------------+-------+-------++-------
Melee: Rapier            |    56 |    80 ||   136
       Dagger            |       |     3 ||     3
  Use: Scroll            |       |     4 ||     4
  Eat: Chunk             |       |     3 ||     3
Armor: Scale mail        |    26 |    43 ||    69
Dodge: Dodged            |    24 |    36 ||    60
